 Dungeon Crawl Stone Soup version 0.26-b1-57-gb162d0664a (webtiles) character file.

Game seed: 1417292336600688406

1086 Delamore the Blocker (level 8, -8/49 HPs)
             Began as a Gargoyle Fighter on Jan 8, 2021.
             Was an Initiate of Okawaru.
             Mangled by an ogre
             ... wielding a +0 giant club
              (18 damage)
             ... on level 5 of the Dungeon.
             The game lasted 00:06:47 (5200 turns).

Delamore the Blocker (Gargoyle Fighter)             Turns: 5200, Time: 00:06:47

Health: -8/49      AC: 17    Str: 21    XL:     8   Next: 30%
Magic:  8/8        EV:  8    Int: 10    God:    Okawaru [......]
Gold:   311        SH: 11    Dex:  9    Spells: 7/7 levels left

rFire    . . .     SeeInvis .   a - +0 flail
rCold    . . .     Faith    .   c - +0 kite shield
rNeg     + . .     Spirit   .   b - +0 scale mail
rPois    ∞         Reflect  .   (no helmet)
rElec    +         Harm     .   (no cloak)
rCorr    .         Rampage  .   x - +0 pair of gloves
Will     .....                  (no boots)
Stlth    ..........             (no amulet)
HPRegen  0.16/turn              k - +4 ring of protection
MPRegen  0.11/turn              (no ring)

@: no status effects
A: negative energy resistance 1, electricity resistance, unbreathing,
petrification resistance, miasma immunity, AC +5
a: Renounce Religion


You were on level 5 of the Dungeon.
You worshipped Okawaru.
Okawaru was noncommittal.
You visited 2 branches of the dungeon, and saw 8 of its levels.
You also visited: Sewer.

You collected 311 gold pieces.

Inventory:

Hand Weapons
 a - a +0 flail (weapon)
Missiles
 i - a throwing net (quivered)
Armour
 b - a +0 scale mail (worn)
 c - a +0 kite shield (worn)
 h - a +0 plate armour
 x - a +0 pair of gloves (worn)
Jewellery
 k - a +4 ring of protection (left hand)
 r - an uncursed ring of resist corrosion
Wands
 t - a wand of acid (5)
Scrolls
 j - 2 scrolls of teleportation
 o - 2 scrolls of enchant weapon
 p - a scroll of random uselessness
 s - a scroll of immolation {unknown}
 u - 3 scrolls of identify
 v - a scroll of enchant armour {unknown}
 w - a scroll of remove curse {unknown}
Potions
 d - 2 potions of might
 e - a potion of heal wounds {unknown}
 f - a potion of berserk rage {unknown}
 g - 4 potions of curing {unknown}
 l - 2 potions of haste {unknown}
 m - a potion of mutation {unknown}
 n - a potion of lignification {unknown}
 q - a potion of flight


   Skills:
 - Level 5.0 Fighting
 - Level 5.0 Maces & Flails
 - Level 3.2 Armour
 + Level 8.9 Shields


You had 7 spell levels left.
You didn't know any spells.
Your spell library contained the following spells:

 Spells                   Type           Power        Failure   Level
 Animate Skeleton         Necr           0%           92%         1
 Apportation              Tloc           0%           92%         1
 Corona                   Hex            0%           92%         1
 Summon Small Mammal      Summ           0%           92%         1


Dungeon Overview and Level Annotations

Branches:
Dungeon (7/15)             Temple (1/1) D:5           Sewer (visited)

Altars:
Ashenzari
Cheibriados
Fedhas
Gozag
Hepliaklqana
Makhleb
Nemelex Xobeh
Okawaru
Qazlal
Ru
Sif Muna
Trog
Uskayaw
Vehumet
Wu Jian
Xom
Yredelemnul
Zin
The Shining One


Innate Abilities, Weirdness & Mutations

You are resistant to torment.
Your stone body is resilient. (AC +5)
You are immune to poison.
You resist negative energy. (rN+)
You are resistant to electric shocks. (rElec)
You can survive without breathing.
You are immune to petrification.
You are immune to miasma.


Message History

The ogre is moderately wounded.
You hit the ogre.
The ogre is heavily wounded.
The ogre hits you with a +0 giant club!
* * * LOW HITPOINT WARNING * * *
You are too injured to fight recklessly!
You are too injured to fight recklessly!
You are too injured to fight recklessly!
You are too injured to fight recklessly!
You are too injured to fight recklessly!
You are too injured to fight recklessly!
You are too injured to fight recklessly!
You are too injured to fight recklessly!
You are too injured to fight recklessly!
You are too injured to fight recklessly!
You are too injured to fight recklessly!
You sock the ogre!
The ogre is almost dead.
The ogre hits you with a +0 giant club!!
You die...

#.# #.# #....###### #.#
#.......... #.# #.......... #.#
#.......... #.# #.......... #O#
###.........$ #@# #............
#)# #............ #.#
#.....####### #+##.# #.....#
#.##.# #.[...#
##.##'####[....#######
#...............(>....
#.........)...........
############.....................


You could see an ogre.

Vanquished Creatures
  Duvessa (D:5)
  A sky beast (Temple)
  An ice beast (D:5)
  An ogre (D:5)
  A big kobold (Sewer)
  A gnoll sergeant (D:7)
  Dowan (D:5)
  A scorpion (D:7)
  3 wights
  A howler monkey (D:4)
  A hound (D:5)
  An orc wizard (D:3)
  2 worker ants
  A hound zombie (D:5)
  4 adders
  5 gnolls
  A river rat (Sewer)
  A white imp (D:6)
  2 ufetubi (D:5)
  2 oozes
  An adder skeleton (D:4)
  3 worms
  8 dart slugs
  11 orcs
  6 giant cockroaches
  2 goblins (D:1)
  7 hobgoblins
  5 jackals
  3 quokkas
  9 bats
  5 frilled lizards
  10 kobolds
  9 rats
111 creatures vanquished.

Vanquished Creatures (others)
  An orc (D:5)
1 creature vanquished.

Grand Total: 112 creatures vanquished

Notes
Turn   | Place    | Note
-------+----------+-------------------------------------------
     0 | D:1      | Delamore the Gargoyle Fighter began the quest for the Orb.
     0 | D:1      | Reached XP level 1. HP: 14/14 MP: 1/1
   288 | D:1      | Reached XP level 2. HP: 19/19 MP: 2/2
   673 | D:1      | Reached XP level 3. HP: 16/24 MP: 3/3
  1693 | D:2      | Reached skill level 4 in Shields
  1832 | D:2      | Reached XP level 4. HP: 29/29 MP: 4/4
  2420 | D:3      | Reached XP level 5. HP: 34/34 MP: 5/5
  2636 | D:4      | Found an opulent altar of Gozag.
  2684 | D:4      | Found a glowing drain.
  2780 | Sewer    | Entered a sewer
  2913 | Sewer    | Noticed a big kobold
  2968 | Sewer    | Killed a big kobold
  2969 | Sewer    | Reached skill level 5 in Fighting
  2969 | Sewer    | Reached skill level 5 in Shields
  2969 | Sewer    | Reached XP level 6. HP: 29/40 MP: 6/6
  3074 | Sewer    | Found a glowing silver altar of Zin.
  3300 | D:4      | You fall into a shaft and drop 3 floors!
  3733 | D:6      | Reached XP level 7. HP: 37/44 MP: 7/7
  3765 | D:6      | Noticed a steam dragon
  3958 | D:6      | Reached skill level 6 in Shields
  4074 | D:7      | Reached skill level 5 in Maces & Flails
  4276 | D:5      | Entered Level 5 of the Dungeon
  4276 | D:5      | Noticed Dowan
  4281 | D:5      | Found a staircase to the Ecumenical Temple.
  4281 | D:5      | Noticed Duvessa
  4306 | Temple   | Entered the Ecumenical Temple
  4512 | Temple   | Became a worshipper of Warmaster Okawaru
  4567 | D:5      | Killed Duvessa
  4568 | D:5      | Reached skill level 7 in Shields
  4825 | D:5      | Reached skill level 8 in Shields
  4825 | D:5      | Reached XP level 8. HP: 46/49 MP: 8/8
  4844 | D:5      | Killed Dowan
  5200 | D:5      | Mangled by an ogre

Illustrated notes

Levels and vault maps discovered:
D:1:      eino_arrival_cavern_d, layout_loops_corners
D:2:      minmay_door_path, layout_basic, kennysheep_pointless_box
D:3:      layout_basic
D:4:      layout_basic, grunt_gozag_statues, gup_sewer_entry_bowl, serial_shops,
          nicolae_shop_trees, minmay_tree_intersection
D:5:      layout_basic, temple_pool_b, uniq_pikel, uniq_duvessa
D:6:      kennysheep_slugbush, layout_basic, serial_shops,
          nicolae_shop_behind_doors, minmay_stone_trees_small
D:7:      layout_cave_pools
Temple:   kilobyte_greek_temple

Skill      XL: |  1  2  3  4  5  6  7 |
---------------+----------------------+-----
Shields        | 4 5 8 |  8.9
Fighting       | 4 5 |  5.0
Maces & Flails | 3 4 5 |  5.0
Armour         | |  3.2

Action                   |  1- 3 |  4- 6 |  7- 9 || total
-------------------------+-------+-------+-------++-------
Melee: Flail             |   147 |   274 |   177 ||   598
  Use: Scroll            |       |     6 |       ||     6
       Potion            |       |     1 |       ||     1
Armor: Scale mail        |    96 |   220 |   138 ||   454
Dodge: Dodged            |    58 |   119 |    48 ||   225
Block: Kite shield       |    89 |   179 |   139 ||   407
